 Dungeon Crawl Stone Soup version 0.23.2-33-g5129a83184 (webtiles) character file.

Game seed: 1577554695817062559

5511 Revguard the Thaumaturge (level 10, 0/58 HPs)
             Began as a Deep Elf Fire Elementalist on July 15, 2019.
             Was a Follower of Sif Muna.
             Succumbed to a scorpion's poison
             ... on level 8 of the Dungeon.
             The game lasted 00:40:38 (8749 turns).

Revguard the Thaumaturge (DEFE)                     Turns: 8749, Time: 00:40:39

Health: 0/58       AC:  4    Str:  5    XL:     10   Next: 43%
Magic:  5/25       EV: 19    Int: 24    God:    Sif Muna [*.....]
Gold:   407        SH:  0    Dex: 18    Spells: 4/27 levels left

rFire    + . .     SeeInvis .   r - +0 quarterstaff (protect)
rCold    + . .     Gourm    .   (shield currently unavailable)
rNeg     . . .     Faith    .   a - +1 robe
rPois    +         Spirit   .   q - +0 helmet
rElec    +         Reflect  .   (no cloak)
rCorr    +         Harm     .   (no gloves)
MR       +....                  (no boots)
Stlth    ++++......             (no amulet)
HPRegen  0.19/turn              e - +4 ring of evasion
MPRegen  0.19/turn              h - +3 ring of intelligence

@: lethally poisoned (0 -> -4), resistant, very slightly contaminated, hasted,
very quick
A: no striking features
a: Divine Energy, Renounce Religion


You were on level 8 of the Dungeon.
You worshipped Sif Muna.
Sif Muna was aware of your devotion.
You were hungry.

You visited 2 branches of the dungeon, and saw 9 of its levels.

You collected 407 gold pieces.

Inventory:

Hand Weapons
 r - a +0 quarterstaff of protection (weapon)
Armour
 a - a +1 robe (worn)
 q - a +0 helmet (worn)
Jewellery
 e - a +4 ring of evasion (left hand)
 h - a +3 ring of intelligence (right hand)
 l - an uncursed ring of resist corrosion
 v - an uncursed ring of fire
Wands
 d - a wand of enslavement (4)
 g - a wand of random effects (12)
 t - a wand of iceblast (5)
 u - a wand of digging (5)
Scrolls
 b - a scroll of magic mapping
 f - 2 scrolls of fog
 i - 8 scrolls of remove curse
 k - 2 scrolls of fear
 m - a scroll of enchant armour
 o - 2 scrolls of enchant weapon
 s - a scroll of teleportation
Potions
 n - 2 potions of haste
Comestibles
 c - 13 rations
 p - 4 chunks of flesh


   Skills:
 * Level 4.3 Fighting
   Level 1.1(1.5) Maces & Flails
 + Level 2.1(2.4) Staves
 + Level 4.7 Dodging
 * Level 7.5 Stealth
 + Level 9.2 Spellcasting
 + Level 6.1 Conjurations
 * Level 7.1 Hexes
 + Level 7.6 Fire Magic
 + Level 4.1 Evocations


You had 4 spell levels left.
You knew the following spells:

 Your Spells              Type           Power        Failure   Level  Hunger
a - Flame Tongue          Conj/Fire      #####        1%          1    None
b - Throw Flame           Conj/Fire      #####.       1%          2    None
c - Confuse               Hex            #####...     1%          3    None
d - Sticky Flame          Conj/Fire      #####...     3%          4    ##.....
e - Inner Flame           Hex/Fire       #####...     1%          3    None
f - Fireball              Conj/Fire      #####.....   10%         5    ####...
g - Bolt of Magma         Conj/Fire/Erth ####......   24%         5    ####...

Your spell library contained the following spells:

 Spells                   Type           Power        Failure   Level  Hunger
 Confusing Touch          Hex            #####.       1%          1    None
 Conjure Flame            Conj/Fire      #####...     1%          3    None
 Gell's Gravitas          Tloc           ##........   17%         3    None
 Petrify                  Tmut/Erth      ##......     50%         4    ##.....
 Metabolic Englaciation   Hex/Ice        ####......   36%         5    ####...
 Yara's Violent Unravell  Hex/Tmut       ####......   36%         5    ####...
 Iskenderun's Battlesphe  Conj/Chrm      ####....     41%         5    ####...
 Venom Bolt               Conj/Pois      ####......   41%         5    ####...
 Iron Shot                Conj/Erth      ####......   94%         6    ######.
 Orb of Destruction       Conj           #####.....   98%         7    #######
 Spellforged Servitor     Conj/Summ      ####......   100%        7    #######


Dungeon Overview and Level Annotations

Branches:
Dungeon (8/15)             Temple (1/1) D:5            Lair (0/6) D:8

Altars:
Ashenzari
Cheibriados
Dithmenos
Elyvilon
Fedhas
Gozag
Hepliaklqana
Kikubaaqudgha
Makhleb
Nemelex Xobeh
Okawaru
Qazlal
Ru
Sif Muna
Trog
Vehumet
Wu Jian
Xom
Yredelemnul
Zin
The Shining One

Shops:
D:4 *


Message History

* * * LOW HITPOINT WARNING * * *
You feel sick.
* * * LOW HITPOINT WARNING * * *
You feel sick.
* * * LOW HITPOINT WARNING * * *
You feel sick.
* * * LOW HITPOINT WARNING * * *
You feel sick.
* * * LOW HITPOINT WARNING * * *
You feel sick.
You feel protected.
* * * LOW HITPOINT WARNING * * *
You feel sick.
As you read the scroll of teleportation, it crumbles to dust.
You feel strangely unstable.
* * * LOW HITPOINT WARNING * * *
You feel sick.
Found a stone staircase leading up.
Your surroundings suddenly seem different.
You die...

..# #.# #.# #.# ##### #.# #.# #.#
#...# #.# #.# #.# #...# #.# #.#
#.##############...#####.######.#
...)...........................>#
.......÷...............#.########
......#.####..##...##..#.#
#.###.#.# ##.##@..##..#.# ..#
#)#.# #..#...##..#.# ### #.#.#
##.#...##..#.# #.#.#
###.######..#.# #.#.#
##<..........#.#
#.#.###.....#####.##.#
#####.#..................###
....#.#####......####.##...#
###.#.#####...†#.####.##.#.#####


There were no monsters in sight!

Vanquished Creatures
  A two-headed ogre (D:8)
  Pikel (D:4)
  A komodo dragon (D:8)
  4 hogs (D:7)
  A human (D:7)
  3 water moccasins
  4 orc warriors
  4 slaves (D:4)
  A black bear (D:6)
  3 ogres
  3 bullfrogs
  A water moccasin zombie (D:7)
  2 scorpions
  10 killer bees (D:7)
  7 wights
  3 howler monkeys (D:7)
  5 crimson imps
  2 bullfrog zombies (D:5)
  A centaur zombie (D:7)
  2 jellies (D:5)
  2 orc priests
  4 hounds
  6 orc wizards
  Natasha (twice) (D:3)
  A centaur skeleton (D:8)
  A gnoll shaman (D:5)
  Ijyb (D:3)
  4 worker ants
  A hound skeleton (D:4)
  A howler monkey zombie (D:8)
  9 gnolls
  7 adders
  2 shadow imps
  A worm (D:1)
  2 dart slugs
  5 leopard geckos
  28 orcs
  A ball python (D:2)
  5 giant cockroaches
  3 goblins
  7 hobgoblins
  5 jackals
  2 quokkas
  11 bats
  3 frilled lizards
  A jackal zombie (D:5)
  9 kobolds
  2 leopard gecko skeletons
  9 rats
  A plant (D:8)
195 creatures vanquished.

Vanquished Creatures (collateral kills)
  A quasit (D:7)
1 creature vanquished.

Vanquished Creatures (others)
  A scorpion (D:8)
  2 plants (D:8)
3 creatures vanquished.

Grand Total: 199 creatures vanquished

Notes
Turn   | Place    | Note
-------+----------+-------------------------------------------
     0 | D:1      | Revguard the Deep Elf Fire Elementalist began the quest for
                  | the Orb.
     0 | D:1      | Reached XP level 1. HP: 10/10 MP: 6/6
   109 | D:1      | Reached XP level 2. HP: 13/15 MP: 2/8
   155 | D:1      | Learned a level 2 spell: Throw Flame
  1109 | D:2      | Reached XP level 3. HP: 19/19 MP: 4/9
  1114 | D:2      | Learned a level 3 spell: Inner Flame
  1257 | D:2      | Reached skill level 1 in Evocations
  1565 | D:2      | Reached XP level 4. HP: 24/24 MP: 7/11
  1571 | D:2      | Learned a level 4 spell: Sticky Flame
  1669 | D:2      | Found a hazy altar of Hepliaklqana.
  2189 | D:3      | Found an opulent altar of Gozag.
  2217 | D:3      | Found a shimmering altar of Xom.
  2252 | D:3      | Found a shadowy altar of Dithmenos.
  2252 | D:3      | Found an ornate altar of the Wu Jian Council.
  2472 | D:3      | Reached skill level 1 in Hexes
  2478 | D:3      | Reached skill level 4 in Spellcasting
  2478 | D:3      | Reached XP level 5. HP: 21/28 MP: 3/13
  2960 | D:3      | Noticed Ijyb
  2984 | D:3      | Killed Ijyb
  2984 | D:3      | Reached XP level 6. HP: 28/32 MP: 0/15
  3024 | D:3      | Learned a level 3 spell: Confuse
  3347 | D:3      | Noticed Natasha
  3355 | D:3      | Killed Natasha
  3472 | D:3      | Noticed Natasha
  3476 | D:3      | Killed Natasha
  3521 | D:3      | Found a sparkling altar of Nemelex Xobeh.
  3730 | D:4      | Reached skill level 5 in Spellcasting
  3919 | D:4      | Reached skill level 5 in Fire Magic
  3964 | D:4      | Found Xiseuz's Elemental Accessories.
  3966 | D:4      | Noticed a slave
  3967 | D:4      | Noticed a slave
  3969 | D:4      | Noticed a slave
  3970 | D:4      | Noticed a slave
  3982 | D:4      | Noticed Pikel
  3988 | D:4      | Killed a slave
  3988 | D:4      | Killed a slave
  3988 | D:4      | Killed a slave
  3991 | D:4      | Killed a slave
  3997 | D:4      | Killed Pikel
  3997 | D:4      | Reached skill level 1 in Fighting
  3997 | D:4      | Reached skill level 6 in Spellcasting
  3997 | D:4      | Reached XP level 7. HP: 31/38 MP: 2/18
  4005 | D:4      | Learned a level 5 spell: Fireball
  4166 | D:4      | Found a blossoming altar of Fedhas.
  4314 | D:5      | Entered Level 5 of the Dungeon
  4317 | D:5      | Reached XP level 8. HP: 43/44 MP: 12/19
  4491 | D:5      | Found a staircase to the Ecumenical Temple.
  4528 | Temple   | Entered the Ecumenical Temple
  5004 | D:5      | Reached skill level 7 in Spellcasting
  5171 | D:6      | Reached skill level 5 in Hexes
  5803 | D:6      | Reached XP level 9. HP: 49/49 MP: 6/22
  6059 | D:7      | Learned a level 5 spell: Bolt of Magma
  6070 | D:7      | Reached skill level 5 in Stealth
  6721 | D:7      | Reached skill level 8 in Spellcasting
  6859 | D:7      | Found a glowing silver altar of Zin.
  6897 | D:7      | Found a burning altar of Makhleb.
  6898 | D:7      | Noticed an angel
  6900 | D:7      | Noticed a cacodemon
  6950 | D:7      | Reached skill level 5 in Conjurations
  7148 | D:7      | Reached skill level 1 in Maces & Flails
  7849 | D:8      | Found a deep blue altar of Sif Muna.
  7862 | D:8      | Reached XP level 10. HP: 51/56 MP: 5/24
  7893 | D:8      | Became a worshipper of Sif Muna the Loreminder
  8177 | D:8      | Reached skill level 1 in Staves
  8299 | D:8      | Found a shattered altar of Ashenzari.
  8326 | D:8      | Found a deep blue altar of Sif Muna.
  8522 | D:8      | Reached skill level 9 in Spellcasting
  8523 | D:8      | Found a staircase to the Lair.
  8675 | D:8      | Noticed a two-headed ogre
  8692 | D:8      | Killed a two-headed ogre
  8692 | D:8      | Reached * piety under Sif Muna
  8742 | D:8      | HP: 2/58 [poisoned by a scorpion]
  8747 | D:8      | HP: 1/58 [poisoned by a scorpion]
  8749 | D:8      | Succumbed to a scorpion's poison

Skill      XL: |  1  2  3  4  5  6  7  8  9 10 |
---------------+-------------------------------+-----
Fire Magic     | 4 5 6 7 |  7.6
Evocations     | 1 2 3 4 |  4.1
Conjurations   | 2 3 4 5 6 |  6.1
Hexes          | 1 4 5 6 7 |  7.1
Spellcasting   | 4 6 7 8 9 |  9.2
Dodging        | 3 4 |  4.7
Stealth        | 3 4 7 |  7.5
Fighting       | 1 2 3 4 |  4.3
Maces & Flails | 1 |  1.1
Staves         | 2 |  2.1

Action                   |  1- 3 |  4- 6 |  7- 9 | 10-12 || total
-------------------------+-------+-------+-------+-------++-------
Melee: Unarmed           |     7 |    46 |     7 |       ||    60
       Whip              |       |       |    58 |       ||    58
       Quarterstaff      |       |       |    28 |    26 ||    54
 Cast: Flame Tongue      |    39 |    56 |    71 |    25 ||   191
       Throw Flame       |    21 |     9 |    16 |     8 ||    54
       Sticky Flame      |       |    13 |    23 |     8 ||    44
       Inner Flame       |       |     7 |     2 |       ||     9
       Confuse           |       |     4 |     3 |       ||     7
       Fireball          |       |       |    22 |    10 ||    32
       Bolt of Magma     |       |       |     1 |       ||     1
Evoke: Wand              |     1 |     2 |     3 |     6 ||    12
  Use: Scroll            |     9 |     2 |     5 |     2 ||    18
       Potion            |     1 |     1 |     4 |     2 ||     8
  Eat: Chunk             |     3 |     7 |    17 |     4 ||    31
       Ration            |       |     1 |     1 |       ||     2
Armor: Robe              |     2 |    38 |    24 |     5 ||    69
Dodge: Dodged            |    12 |   131 |   161 |    52 ||   356
